 Dungeon Crawl Stone Soup version 0.25-a0-100-g33052ceff8 (webtiles) character file.

Game seed: 12501460980366485381, levelgen mode: deterministic

0 Gargoyl the Skirmisher (level 1, -4/19 HPs)
             Began as a Centaur Abyssal Knight on Nov 14, 2019.
             Was a Follower of Lugonu.
             Slain by a blink frog (10 damage)
             ... on level 1 of the Abyss.
             The game lasted 00:00:30 (220 turns).

Gargoyl the Skirmisher (Centaur Abyssal Knight)      Turns: 220, Time: 00:00:31

Health: -4/19      AC:  5    Str: 14    XL:     1   Next: 0%
Magic:  2/2        EV:  9    Int: 11    God:    Lugonu [*.....]
Gold:   10         SH:  0    Dex:  8    Spells: 0/0 levels left

rFire    . . .     SeeInvis .   a - +1 hand axe
rCold    . . .     Gourm    .   (no shield)
rNeg     . . .     Faith    .   b - +1 leather armour
rPois    .         Spirit   .   (no helmet)
rElec    .         Reflect  .   (no cloak)
rCorr    .         Harm     .   (no gloves)
MR       .....                  (no barding)
Stlth    ..........             (no amulet)
HPRegen  0.06/turn              (no ring)
MPRegen  0.08/turn              (no ring)

@: very quick
A: large, hooves 3, deformed body, speed 2, tough skin 3
a: Depart the Abyss, Renounce Religion


You were on level 1 of the Abyss.
You worshipped Lugonu.
Lugonu was aware of your devotion.
You were not hungry.

You visited 0 branches of the dungeon, and saw 0 of its levels.
You visited the Abyss 1 time.

You collected 10 gold pieces.

Inventory:

Hand Weapons
 a - a +1 hand axe (weapon)
Armour
 b - a +1 leather armour (worn)
Comestibles
 c - a ration


   Skills:
 + Level 3.0 Fighting
 + Level 1.7 Axes
 + Level 1.3 Armour
 + Level 0.6 Dodging
 + Level 2.0 Invocations


You couldn't memorise any spells.
You didn't know any spells.
Your spell library was empty.

Dungeon Overview and Level Annotations

Branches:
Dungeon (0/15)

Altars:


Innate Abilities, Weirdness & Mutations

You have hooves in place of feet.
Armour fits poorly on your strangely shaped body.
You cover ground very quickly.
You have extremely tough skin. (AC +3)


Message History

The blink frog blinks!
Found a scroll labeled VAT QALEIST.
An orange demon comes into view.
You see here a scroll labeled VAT QALEIST.
d - a scroll labeled VAT QALEIST A tentacle flies out from the starspawn's body!
A starspawn tentacle comes into view.
As you read the scroll labeled VAT QALEIST, it crumbles to dust.
It is a scroll of identify.
You don't have any unidentified items. 2 spatial vortices come into view.
A spatial vortex and a spatial maelstrom come into view.
A spatial vortex comes into view.
A spatial vortex comes into view.
An ufetubus comes into view.
A spatial vortex comes into view.
The ufetubus shouts!
A spatial vortex comes into view.
The blink frog hits you!
Ouch! That really hurt!
You die...

#.#.#.## #.# .
. . #..... ...
####F##...#
#......#....
#. #.##.##. .
# . ...###.#.
# ..####....#
.
#...###.F#...#
##....@....#
...######.##.#
#...v..# ##
...#.#.#5# #
#. v# .. .#
.v. .. ##v. ..


vv. .#. You could see a blink frog.

Vanquished Creatures (others)
  6 starspawn tentacles (Abyss:1)
6 creatures vanquished.

Notes
Turn   | Place    | Note
-------+----------+-------------------------------------------
     0 | Abyss:1  | Gargoyl the Centaur Abyssal Knight began the quest for the
                  | Orb.
     0 | Abyss:1  | Reached XP level 1. HP: 19/19 MP: 2/2
     5 | Abyss:1  | Found a viscous altar of Jiyva.
   128 | Abyss:1  | Noticed an ancient zyme
   139 | Abyss:1  | Noticed a blink frog
   152 | Abyss:1  | Noticed an iron imp
   164 | Abyss:1  | Noticed a tentacled starspawn
   165 | Abyss:1  | Noticed an orange demon
   193 | Abyss:1  | Noticed an orange demon
   214 | Abyss:1  | Noticed a spatial vortex
   214 | Abyss:1  | Noticed a spatial vortex
   215 | Abyss:1  | Noticed a spatial maelstrom
   215 | Abyss:1  | Noticed a spatial vortex
   215 | Abyss:1  | Noticed a spatial vortex
   216 | Abyss:1  | Noticed a spatial vortex
   217 | Abyss:1  | Noticed a spatial vortex
   217 | Abyss:1  | Noticed a spatial vortex
   220 | Abyss:1  | Slain by a blink frog

Levels and vault maps discovered:
Abyss:1:  hangedman_decor_peaks_small

Action                   || total
-------------------------++-------
  Use: Scroll            ||     2

Table legend:
 A = Non-vault XP
 B = Vault XP
 C = Vault XP percentage of total XP
 D = Non-vault monster count
 E = Vault monster count
 F = Vault count percentage of total count
                 A         B        C        D         E       F
            +---------+---------+-------+---------+---------+-------
      Total |       0 |       0 |   N/A |       0 |       0 |  -nan
            +---------+---------+-------+---------+---------+-------
            +---------+---------+-------+---------+---------+-------
